 Dungeon Crawl Stone Soup version 0.29-a0-598-gd8304a5bf4 (webtiles) character file.

Game seed: 8193621808656389751

961 dolemite99 the Spear-Bearer (level 8, -2/56 HPs)
             Began as a Merfolk Gladiator on June 15, 2022.
             Was a Believer of Okawaru.
             Slain by a gnoll
             ... wielding a +0 halberd
             ... led by a gnoll sergeant
              (9 damage)
             ... on level 5 of the Dungeon.
             The game lasted 00:06:34 (7854 turns).

dolemite99 the Spear-Bearer (Merfolk Gladiator)     Turns: 7854, Time: 00:06:34

Health: -2/56      AC: 13    Str: 16    XL:     8   Next: 15%
Magic:  6/8        EV: 10    Int:  7    God:    Okawaru [**....]
Gold:   263        SH:  0    Dex: 16    Spells: 7/7 levels left

rFire   . . .      SeeInvis .   b - +0 halberd
rCold   . . .      Faith    .   (shield currently unavailable)
rNeg    . . .      Spirit   .   q - +0 chain mail
rPois   .          Reflect  .   j - +2 helmet
rElec   .          Harm     .   (no cloak)
rCorr   .          Rampage  .   (no gloves)
Will    .....                   (no boots)
Stlth   ..........              (no amulet)
HPRegen 0.18/turn               (no ring)
MPRegen 0.11/turn               (no ring)

@: lethally poisoned (-2 -> -37), heroic
A: (nimble swimmer 2), mertail
a: Renounce Religion, Heroism


You were on level 5 of the Dungeon.
You worshipped Okawaru.
Okawaru was pleased with you.
You visited 1 branch of the dungeon, and saw 5 of its levels.

You collected 263 gold pieces.

Inventory:

Hand Weapons
 a - a +0 trident
 b - a +0 halberd (weapon)
 h - a +0 glaive
 i - the +11 dagger of Satyriasis {vorpal, Str+4}
   (You found it on level 4 of the Dungeon)

   It inflicts extra damage upon your enemies.
   Str:       It affects your strength (+4).
 n - a +0 hunting sling
Missiles
 d - 3 throwing nets (quivered)
 e - a javelin
 y - 2 poisoned darts
Armour
 c - a +0 helmet
 g - a +0 plate armour
 j - a +2 helmet (worn)
 q - a +0 chain mail (worn)
Magical Staves
 m - a staff of conjuration
 u - a staff of death
Jewellery
 s - a ring of flight
Scrolls
 f - 2 scrolls of vulnerability
 o - a scroll of immolation
 p - 2 scrolls of teleportation
 v - a scroll of enchant armour {unknown}
 x - a scroll of magic mapping
Potions
 k - a potion of cancellation
 l - a potion of brilliance {unknown}
 r - a potion of flight
 t - a potion of curing {unknown}
 w - a potion of magic {unknown}


   Skills:
 - Level 2.1(7.1) Fighting
 + Level 12.4(17.4) Polearms
 - Level 2.0(7.0) Throwing
 - Level 4.0(9.0) Dodging


You had 7 spell levels left.
You didn't know any spells.
Your spell library contained the following spells:

 Spells                   Type           Power      Damage    Failure   Level
 Necrotize                Necr           0%         1d4       100%        1
 Blink                    Tloc           0%         N/A       100%        2
 Lesser Beckoning         Tloc           0%         N/A       100%        3
 Vampiric Draining        Necr           0%         2d6       100%        3
 Agony                    Necr           0%         N/A       100%        5
 Manifold Assault         Tloc           0%         N/A       100%        5


Dungeon Overview and Level Annotations

Branches:
Dungeon (5/15)             Temple (0/1) D:4

Altars:
Okawaru


Innate Abilities, Weirdness & Mutations

((You are very nimble when in or above water. (Stealth+, EV+, Speed+++)))
Your lower body shifts to a powerful aquatic tail in water.


Message History

No target in view!
You feel like a meek peon again.
Magic restored.
The gnoll sergeant shouts!
The gnoll shouts! x2
There are monsters nearby!
You fail to use your ability.
The gnoll sergeant barely misses you.
The gnoll sergeant hits you with a +1 spear of venom.
You are poisoned.
You hit the gnoll sergeant but do no damage.
You feel very sick.
The gnoll sergeant hits you but does no damage.
You are more poisoned.
You closely miss the gnoll sergeant.
You feel very sick.
You gain the combat prowess of a mighty hero.
You feel sick.
The gnoll sergeant hits you with a +1 spear of venom.
You are more poisoned.
The gnoll hits you with a +0 whip. The gnoll misses you.
You hit the gnoll.
The gnoll is lightly wounded.
You feel very sick.
You closely miss the gnoll.
The gnoll is lightly wounded.
You feel very sick.
The gnoll sergeant hits you with a +1 spear of venom!
You are lethally poisoned!
The gnoll hits you but does no damage.
The gnoll hits you from afar with a +0 halberd!
* * * LOW HITPOINT WARNING * * *
You hit the gnoll.
The gnoll is heavily wounded.
* * * LOW HITPOINT WARNING * * *
You feel very sick.
The gnoll sergeant hits you with a +1 spear of venom.
* * * LOW HITPOINT WARNING * * *
You are more poisoned.
The gnoll hits you but does no damage.
The gnoll hits you from afar with a +0 halberd!
You die...

># #.#.# #<.....##.#
#)# .# # #.#
#.........# #.# .#
#.# ##..##.#### #.#
.# #. #..##.# #.# .#
#..##.# ######.# .#
#..##.# #......# .#
#..##.####.###### .#
#..######g.........#
.#
.......gg@.######.##
<# #..#######.# #.#
.# #..#######.# #)#
.# #..#...)...# #)#
.# #.##..#.#####.#
#g# .####.##..#.#
#.# #g#
............# #.#
#.# #####.##..###
#.# #.# #.##..# #.#
#.#


You could see a gnoll sergeant and 2 gnolls.

Vanquished Creatures
  A water moccasin (D:5)
  A black bear (D:5)
  An ogre (D:5)
  A phantom (D:5)
  A bullfrog (D:4)
  A scorpion (D:5)
  4 jellies
  A hound (D:4)
  An orc priest (D:3)
  3 iguanas
  5 gnolls (D:5)
  4 adders
  A river rat (D:4)
  A white imp (D:5)
  2 dart slugs
  16 orcs
  6 ball pythons
  13 endoplasms (D:3)
  2 giant cockroaches (D:1)
  5 hobgoblins
  15 kobolds
  A quokka (D:4)
  7 bats
  3 frilled lizards
  A goblin (D:1)
  4 rats
101 creatures vanquished.

Vanquished Creatures (others)
  7 fungi (D:3)
  8 toadstools (D:3)
15 creatures vanquished.

Grand Total: 116 creatures vanquished

Notes
Turn   | Place    | Note
-------+----------+-------------------------------------------
     0 | D:1      | dolemite99 the Merfolk Gladiator began the quest for the
                  | Orb.
     0 | D:1      | Reached XP level 1. HP: 16/16 MP: 1/1
   196 | D:1      | Found a faded altar of an unknown god.
   197 | D:1      | Noticed a great orb of eyes
   199 | D:1      | Noticed a floating eye
   199 | D:1      | Noticed an eye of devastation
   199 | D:1      | Noticed a shining eye
   206 | D:1      | Prayed at the altar of an unknown god.
   206 | D:1      | Became a worshipper of Warmaster Okawaru
   206 | D:1      | Reached * piety under Okawaru
   377 | D:1      | Reached XP level 2. HP: 22/22 MP: 2/2
  1307 | D:2      | Reached skill level 5 in Polearms
  1449 | D:2      | Reached XP level 3. HP: 23/27 MP: 3/3
  2198 | D:3      | Reached skill level 6 in Polearms
  2439 | D:3      | Reached XP level 4. HP: 3/33 MP: 4/4
  2906 | D:3      | Reached skill level 7 in Polearms
  3073 | D:3      | Reached XP level 5. HP: 34/38 MP: 5/5
  3736 | D:3      | Reached skill level 8 in Polearms
  4077 | D:4      | Found a staircase to the Ecumenical Temple.
  4253 | D:4      | Identified the +11 dagger of Satyriasis {vorpal, Str+4}
  4795 | D:4      | Reached XP level 6. HP: 38/44 MP: 6/6
  4900 | D:4      | Reached skill level 9 in Polearms
  5137 | D:4      | Reached ** piety under Okawaru
  5624 | D:5      | Entered Level 5 of the Dungeon
  5658 | D:5      | Noticed a water moccasin
  5697 | D:5      | Killed a water moccasin
  5698 | D:5      | Reached skill level 10 in Polearms
  5698 | D:5      | Reached XP level 7. HP: 23/50 MP: 4/7
  6366 | D:5      | Reached skill level 11 in Polearms
  6779 | D:5      | Reached skill level 12 in Polearms
  6779 | D:5      | Reached XP level 8. HP: 9/56 MP: 4/8
  7854 | D:5      | Slain by a gnoll

Illustrated notes

Levels and vault maps discovered:
D:1:      matt_arrival_spirals, layout_basic,
          hellmonk_ecumenical_altar_watching_god
D:2:      layout_basic
D:3:      cheibrodos_fertilizer, layout_loops_ring,
          chequers_serial_rivers_small_a
D:4:      layout_layer_cave, temple_doors_e, portal_sewer_entry_b
D:5:      layout_loops_ring

Skill      XL: |  1  2  3  4  5  6  7 |
---------------+----------------------+-----
Polearms       | 5 6 7 8 10 12 | 12.4
Fighting       | |  2.1
Throwing       | |  2.0
Dodging        | |  4.0

Action                   |  1- 3 |  4- 6 |  7- 9 || total
-------------------------+-------+-------+-------++-------
Melee: Trident           |    93 |   208 |    77 ||   378
       Punch             |     1 |     1 |     4 ||     6
       Halberd           |       |       |    11 ||    11
Invok: Heroism           |       |     2 |     9 ||    11
  Use: Scroll            |     7 |     4 |     2 ||    13
       Potion            |     1 |     2 |       ||     3
Armor: Leather armour    |     4 |       |       ||     4
       Ring mail         |     3 |       |       ||     3
       Chain mail        |    35 |   128 |    38 ||   201
Dodge: Dodged            |    38 |    75 |    34 ||   147

Table legend: (Time is in decaauts)
 A = Elapsed time spent in this place.
 B = Non-inter-level travel time spent in this place.
 C = Inter-level travel time spent in this place.
 D = Time resting spent in this place.
 E = Time spent auto-exploring this place.
 F = Levels seen in this place.
 G = Mean time per level.
                   A        B        C        D        E       F      G
               +--------+--------+--------+--------+--------+-----+--------+
         Total |   7802 |   7567 |    235 |   2262 |   4198 |   5 | 1560.4 |
       Dungeon |   7802 |   7567 |    235 |   2262 |   4198 |   5 | 1560.4 |
               +--------+--------+--------+--------+--------+-----+--------+

Top non-repeatable levels by time:
     D:4: 2424 daAuts
     D:3: 2008 daAuts
     D:5: 1412 daAuts
     D:1: 1101 daAuts
     D:2: 856 daAuts
